 Dungeon Crawl Stone Soup version 0.32-a0-909-gc671339a80 (webtiles) character file.

Game seed: 16248893369124498545

4687 Jano the Cleaver (level 10, -3/76 HPs)
             Began as a Coglin Gladiator on Apr 6, 2024.
             Was a Believer of Okawaru.
             Killed from afar by Harold (9 damage)
             ... with a harpoon shot
             ... on level 9 of the Dungeon.
             The game lasted 00:17:01 (8840 turns).

Jano the Cleaver (Coglin Gladiator)                 Turns: 8840, Time: 00:17:02

Health: -3/76      AC: 12    Str: 18    XL:     10   Next: 44%
Magic:  11/11      EV: 12    Int: 10    God:    Okawaru [**....]
Gold:   435        SH:  0    Dex: 20    Spells: 9/9 levels left

rFire   . . .        x - +1 morningstar (freeze) {Tamara}
rCold   . . .        H - +10 whip of Veriac {pain, rN+ Int+2 Dex+4 Stlth+}
rNeg    + . .        A - +1 swamp dragon scales
rPois   +            q - +0 helmet
rElec   .            (no cloak)
rCorr   .            w - +0 pair of gloves
SInv    .            (no boots)
Will    .....        (amulet unavailable)
Stlth   +            (ring unavailable)
HPRegen 0.32/turn    (ring unavailable)
MPRegen 0.12/turn    (no gizmo)

%: no passive effects
@: confused, ambrosia-drunk, marked, revving
A: off-hand wielding, slow wielding, warmup strikes, no jewellery
a: Invent Gizmo, Renounce Religion, Heroism


You were on level 9 of the Dungeon.
You worshipped Okawaru.
Okawaru was pleased with you.
You visited 2 branches of the dungeon, and saw 10 of its levels.

You collected 435 gold pieces.

Inventory:

Hand Weapons
 a - a +0 war axe {Fernando}
 b - a +0 war axe {Umi}
 r - a +1 trident of venom {Yadidatum}
 x - a +1 morningstar of freezing (weapon) {Tamara}
 y - a +0 morningstar
 E - a +4 hand axe {Hajoon}
 H - the +10 whip of Veriac (offhand) {pain, rN+ Int+2 Dex+4 Stlth+}
   (You found it on level 8 of the Dungeon)

   Int+2:     It affects your intelligence (+2).
   Dex+4:     It affects your dexterity (+4).
   rN+:       It protects you from negative energy.
   Stlth+:    It makes you more stealthy.
Missiles
 d - 3 throwing nets
 e - a javelin
 h - 27 poisoned darts (quivered)
 B - a curare-tipped dart
 F - 2 boomerangs
Armour
 q - a +0 helmet (worn)
 w - a +0 pair of gloves (worn)
 A - +1 swamp dragon scales (worn)
 D - a +1 robe of fire resistance
Wands
 p - a wand of flame (5)
Scrolls
 c - a scroll of enchant armour
 f - a scroll of silence {unknown}
 g - 2 scrolls of revelation
 i - 2 scrolls of brand weapon {unknown}
 j - a scroll of enchant weapon
 l - a scroll of noise {unknown}
 m - a scroll of immolation {unknown}
 o - 2 scrolls of teleportation
 s - a scroll of vulnerability
 G - a scroll of amnesia {unknown}
 J - a scroll of blinking {unknown}
Potions
 k - 4 potions of enlightenment
 n - 3 potions of brilliance
 t - a potion of lignification
 z - a potion of cancellation
 C - 2 potions of curing
 I - a potion of resistance {unknown}


   Skills:
 + Level 6.2 Fighting
 - Level 11.1(11.4) Axes
 * Level 3.6(7.4) Maces & Flails
 - Level 1.7 Throwing
 + Level 5.6 Armour
 + Level 4.1 Dodging
 + Level 1.7 Invocations


You had 9 spell levels left.
You didn't know any spells.
Your spell library contained the following spells:

 Spells                   Type           Power      Damage    Failure   Level
 Foxfire                  Conj/Fire      0%         2x1d4     54%         1
 Sublimation of Blood     Necr           0%         N/A       67%         2
 Hailstorm                Conj/Ice       0%         3d5       88%         3
 Brom's Barrelling Bould  Conj/Erth      0%         2d3       99%         4
 Dimensional Bullseye     Hex/Tloc       0%         N/A       99%         4
 Iskenderun's Mystic Bla Conj/Tloc 0%             2d3        (+2d1     99%         4
 Fireball                 Conj/Fire      0%         3d3       100%        5
 Iskenderun's Battlesphe  Conj           0%         2d6       100%        5
 Conjure Ball Lightning   Conj/Air       0%         3x3d6     100%        6
 Permafrost Eruption      Ice/Erth       0%         2x4d1     100%        6
 Orb of Destruction       Conj           0%         9d5       100%        7
 Call Imp                 Summ           Unusable   N/A       N/A         2
 Summon Ice Beast         Ice/Summ       Unusable   N/A       N/A         3
 Tukima's Dance           Hex            Unusable   N/A       N/A         3
 Sculpt Simulacrum        Ice/Alch       Unusable   N/A       N/A         6
 Malign Gateway           Summ/Tloc      Unusable   N/A       N/A         7
 Summon Hydra             Summ           Unusable   N/A       N/A         7
 Summon Horrible Things   Summ           Unusable   N/A       N/A         8

Dungeon Overview and Level Annotations

Branches:
Dungeon (9/15)             Temple (1/1) D:7             Orc (0/2) D:9
   Lair: D:8-11

Altars:
Ashenzari
Cheibriados
Elyvilon
Fedhas
Hepliaklqana
Kikubaaqudgha
Makhleb
Nemelex Xobeh
Okawaru
Qazlal
Ru
Sif Muna
Uskayaw
Vehumet
Wu Jian
Xom
Yredelemnul
Zin
The Shining One

Annotations:
D:4 1 runed translucent door, exclusion: door, Hiume's ghost, amateur DEFE
D:5 1 runed translucent door, Crazy Yiuf
D:9 Harold
Temple 2 transporters


Innate Abilities, Weirdness & Mutations

You can wield a second weapon in your off-hand.
It takes a long time for you to wield or remove held weapons.
Your first few attacks do less damage.
You cannot equip rings or amulets.


Message History

You hear a shout!
The centaur warrior unwields a +0 shortbow.
The centaur warrior closely misses you. The centaur warrior kicks you.
* * * LOW HITPOINT WARNING * * *
The howler monkey hits you but does no damage.
The centaur warrior hits you.
* * * LOW HITPOINT WARNING * * *
The centaur warrior kicks you but does no damage.
Okay, then.
Okay, then.
You are confused.
You feel invigorated. The yak gores you.
* * * LOW HITPOINT WARNING * * *
The centaur warrior hits you.
* * * LOW HITPOINT WARNING * * *
The centaur warrior closely misses you.
Unknown command.
You bump into the rock wall.
The centaur warrior closely misses you.
The centaur warrior kicks you but does no damage.
The yak gores you.
* * * LOW HITPOINT WARNING * * *
A steam dragon comes into view.
The centaur warrior misses you. The centaur warrior closely misses you.
Unknown command.
Unknown command.
You hit the yak with the +10 whip of Veriac.
You kill the yak!
Okawaru accepts your kill.
An orc warrior comes into view. It is wielding a +0 halberd.
Harold closely misses you.
The centaur warrior hits you but does no damage.
The centaur warrior kicks you but does no damage.
Unknown command.
The centaur warrior wields a +0 shortbow.
The centaur warrior shoots an arrow.
The arrow hits you!
* * * LOW HITPOINT WARNING * * *
Harold fires a harpoon shot at you. The harpoon shot hits you!
You die...
Harold says, "Can't wait to tell my little ones about this."

*##########################
*.........@.@h.............
*......#####c..............
*.####,* #.........######
*,* *,* #..o).....# *,* *,*
#....)..).# *,* *,*
#....o)...# *,* *,*
#....D....# *,* *,*
#..o......# *,* *,*
#.........#


You could see Harold, a centaur warrior, an orc warrior, a howler monkey and an
orc.

Vanquished Creatures
  Grinder (D:3)
  A shadow (D:9)
  A wyvern (D:8)
  Eustachio (D:4)
  5 yaks (D:9)
  A steam dragon (D:9)
  3 vampire mosquitoes (D:7)
  Menkaure (D:6)
  2 water moccasins
  3 orc warriors
  An ice beast (D:5)
  An ogre (D:5)
  2 black bears
  2 kobold brigands
  A phantom (D:6)
  A bullfrog (D:7)
  2 gnoll sergeants
  2 scorpions
  8 wights (D:7)
  2 bombardier beetles
  2 howler monkeys (D:9)
  7 hounds
  A quasit (D:8)
  2 orc priests
  4 iguanas
  5 orc wizards
  Robin (D:1)
  8 gnolls
  7 adders
  6 white imps
  2 ufetubi (D:5)
  2 dart slugs
  A ribbon worm (D:4)
  21 orcs
  6 ball pythons
  6 endoplasms
  5 giant cockroaches
  11 hobgoblins
  12 kobolds
  3 quokkas
  5 bats
  6 frilled lizards
  15 goblins
  5 rats
184 creatures vanquished.

Notes
Turn   | Place    | Note
-------+----------+-------------------------------------------
     0 | D:1      | Jano the Coglin Gladiator began the quest for the Orb.
     0 | D:1      | Reached XP level 1. HP: 16/16 MP: 1/1
   213 | D:1      | Reached XP level 2. HP: 22/22 MP: 2/2
  1015 | D:2      | Noticed Robin
  1019 | D:1      | Reached skill level 4 in Axes
  1019 | D:1      | Reached XP level 3. HP: 23/27 MP: 3/3
  1024 | D:1      | Killed Robin
  1302 | D:2      | Reached XP level 4. HP: 34/34 MP: 4/4
  1735 | D:2      | Reached skill level 5 in Axes
  2083 | D:3      | Noticed Grinder
  2087 | D:3      | Paralysed by Grinder for 3 turns
  2095 | D:3      | Paralysed by Grinder for 2 turns
  2098 | D:3      | Killed Grinder
  2099 | D:3      | Reached skill level 6 in Axes
  2099 | D:3      | Reached XP level 5. HP: 12/41 MP: 5/5
  2099 | D:3      | Reached XP level 6. HP: 14/47 MP: 6/6
  2786 | D:3      | Found a faded altar of an unknown god.
  2794 | D:3      | Got Plato's Grimoire of Lava
  3039 | D:4      | Found a runed translucent door.
  3066 | D:4      | Noticed Hiume's ghost (amateur DEFE)
  3091 | D:4      | Reached skill level 7 in Axes
  3206 | D:4      | Reached XP level 7. HP: 44/52 MP: 7/7
  3376 | D:4      | Noticed Eustachio
  3387 | D:4      | Killed Eustachio
  3390 | D:4      | Reached skill level 8 in Axes
  3695 | D:5      | Entered Level 5 of the Dungeon
  3752 | D:5      | Reached XP level 8. HP: 60/60 MP: 8/8
  3866 | D:5      | Found a blossoming altar of Fedhas.
  3920 | D:5      | Reached skill level 9 in Axes
  4318 | D:5      | Found a runed translucent door.
  4319 | D:5      | Noticed Crazy Yiuf
  4759 | D:5      | Reached skill level 10 in Axes
  5567 | D:6      | Identified the +1 pair of gloves of Honour {Harm ^Drain
                  | rElec Int+3}
  5594 | D:6      | Found a burning altar of Makhleb.
  5603 | D:6      | Reached skill level 1 in Armour
  5609 | D:6      | Reached XP level 9. HP: 37/66 MP: 9/9
  5715 | D:6      | Noticed Menkaure
  5725 | D:6      | Killed Menkaure
  6368 | D:7      | Reached skill level 5 in Fighting
  6514 | D:7      | Reached skill level 11 in Axes
  6814 | D:7      | Found a staircase to the Ecumenical Temple.
  6847 | Temple   | Found a transporter.
  6847 | Temple   | Found a transporter.
  6847 | Temple   | Found a transporter.
  6847 | Temple   | Found a transporter.
  6847 | Temple   | Entered the Ecumenical Temple
  6860 | Temple   | Became a worshipper of Warmaster Okawaru
  7191 | D:7      | Reached skill level 1 in Maces & Flails
  7551 | D:8      | Reached * piety under Okawaru
  7552 | D:8      | Reached skill level 5 in Armour
  7646 | D:8      | Reached XP level 10. HP: 45/76 MP: 10/10
  7660 | D:8      | Identified the +10 whip of Veriac {pain, rN+ Int+2 Dex+4
                  | Stlth+}
  7814 | D:9      | Reached skill level 1 in Invocations
  8801 | D:9      | Noticed Harold
  8808 | D:9      | Noticed a centaur warrior
  8826 | D:9      | Reached ** piety under Okawaru
  8836 | D:9      | HP: 3/76 [centaur warrior (4)]
  8840 | D:9      | Killed from afar by Harold

Illustrated notes

Levels and vault maps discovered:
D:1:      wheals_arrival_shading, layout_basic, serial_forest,
          infiniplex_forest_clump_diagonal, infiniplex_forest_side_room,
          infiniplex_forest_straight_2, infiniplex_forest_clump_curved,
          infiniplex_forest_clump_curved, infiniplex_forest_fountain
D:2:      wad_pebble_path, layout_loops_ring, kennysheep_generic_room_8,
          uniq_robin
D:3:      layout_basic, shapermc_ecumenical_altar_rom_forum, uniq_grinder
D:4:      layout_cave_pools, ebering_ghost_sewer_d, glass_columns_b,
          uniq_eustachio
D:5:      layout_loops_ring, fedhas_altar_2, minmay_misc_feat_room,
          uniq_crazy_yiuf_cottage
D:6:      layout_basic, mainiacjoe_overflow_alcove_2, abandoned_shop,
          uniq_menkaure
D:7:      layout_loops_ring, minmay_temple_entry_drinking_statues
D:8:      layout_cave_pools, mainiacjoe_overflow_surrounded_room,
          serial_demonic, serial_demonic_d, serial_demonic_e, serial_demonic_g,
          serial_demonic_b, uniq_joseph, uniq_maggie
D:9:      nzn_winding_woodlands_stair_cross [nzn_winding_woodlands_5x15_eye,
          nzn_winding_woodlands_center_lodge, nzn_winding_woodlands_5x15_zeroes,
          nzn_winding_woodlands_5x5_open_star, nzn_winding_woodlands_hourglass,
          nzn_winding_woodlands_5x15_garden,
          nzn_winding_woodlands_center_triple_pond,
          nzn_winding_woodlands_5x15_pockets], layout_long_grid, erik_orc_1,
          uniq_harold
Temple:   hellmonk_temple_divided_pantheon

Skill      XL: |  1  2  3  4  5  6  7  8  9 10 |
---------------+-------------------------------+-----
Axes           | 4 6 7 8 10 11 | 11.1
Fighting       | 3 4 5 6 |  6.2
Armour         | 1 5 |  5.6
Dodging        | 3 4 |  4.1
Maces & Flails | 1 3 |  3.6
Invocations    | 1 |  1.7
Throwing       | |  1.7

Action                     |  1- 3 |  4- 6 |  7- 9 | 10-12 || total
---------------------------+-------+-------+-------+-------++-------
  Melee: War axe           |    69 |   111 |   203 |       ||   383
         Dagger            |    31 |       |       |       ||    31
         Whip              |    37 |    34 |       |    71 ||   142
         Hand axe          |       |    18 |       |       ||    18
         Trident           |       |       |   116 |       ||   116
         Morningstar       |       |       |    28 |    68 ||    96
  Throw: Dart              |       |       |    27 |       ||    27
  Evoke: Wand              |       |     2 |     3 |       ||     5
    Use: Scroll            |       |     3 |     6 |     4 ||    13
         Potion            |       |       |     2 |     2 ||     4
   Stab: Sleeping          |       |     1 |       |       ||     1
 Armour: Leather armour    |    75 |    35 |       |       ||   110
         Scale mail        |       |    30 |    39 |       ||    69
         Swamp dragon scal |       |       |    91 |   119 ||   210
  Dodge: Dodged            |    40 |    42 |    96 |    81 ||   259

Table legend: (Time is in decaauts)
 A = Elapsed time spent in this place.
 B = Non-inter-level travel time spent in this place.
 C = Inter-level travel time spent in this place.
 D = Time resting spent in this place.
 E = Time spent auto-exploring this place.
 F = Levels seen in this place.
 G = Mean time per level.
                   A        B        C        D        E       F      G
               +--------+--------+--------+--------+--------+-----+--------+
         Total |   8866 |   8511 |    355 |    693 |   6065 |  10 |  886.6 |
       Dungeon |   8833 |   8478 |    355 |    693 |   6065 |   9 |  981.4 |
        Temple |     32 |     32 |      0 |      0 |      0 |   1 |   32.0 |
               +--------+--------+--------+--------+--------+-----+--------+

Top non-repeatable levels by time:
     D:6: 1401 daAuts
     D:5: 1246 daAuts
     D:7: 1169 daAuts
     D:1: 1125 daAuts
     D:9: 1034 daAuts
     D:2: 1031 daAuts
     D:3: 888 daAuts
     D:4: 678 daAuts
     D:8: 257 daAuts
  Temple: 32 daAuts
